 Dungeon Crawl Stone Soup version 0.28.0-43-g3370ac3207 (webtiles) character file.

Game seed: 14533026472501465817

704 lonewolfV2 the Chopper (level 7, -2/54 (55) HPs)
             Began as a Demonspawn Fighter on Mar 10, 2022.
             Slain by a wight
             ... wielding a +0 scimitar
              (5 damage)
             ... on level 4 of the Dungeon.
             The game lasted 00:05:52 (3537 turns).

lonewolfV2 the Chopper (Demonspawn Fighter)         Turns: 3537, Time: 00:05:54

HP:   -2/54 (55)    AC:  7    Str: 22    XL:     7   Next: 39%
MP:   7/7           EV: 10    Int: 15    God:
Gold: 922           SH:  0    Dex: 13    Spells: 6/6 levels left

rFire   . . .      SeeInvis .   d - +8 broad axe "Beetleslayer" {vorpal, Fly rN+ Str+4}
rCold   + . .      Faith    .   c - +0 buckler
rNeg    + . .      Spirit   .   b - +0 scale mail
rPois   .          Reflect  .   (no helmet)
rElec   .          Harm     .   (no cloak)
rCorr   .          Rampage  .   (no gloves)
Will    .....                   (no boots)
Stlth   ..........              (no amulet)
HPRegen 0.18/turn               j - +6 ring of intelligence
MPRegen 0.10/turn               h - ring of protection from cold

@: confused, ambrosia-drunk, flying, lightly drained
A: hooves 1, foul stench 1, demonic magic 3
a: no special abilities


You were on level 4 of the Dungeon.
You visited 1 branch of the dungeon, and saw 4 of its levels.

You collected 922 gold pieces.

Inventory:

Hand Weapons
 a - a +2 war axe of freezing
 d - the +8 broad axe "Beetleslayer" (weapon) {vorpal, Fly rN+ Str+4}
   (You acquired it on level 2 of the Dungeon)

   It inflicts extra damage upon your enemies.
   Str:       It affects your strength (+4).
   rN:        It protects you from negative energy.
   Fly:       It grants you flight.
Armour
 b - a +0 scale mail (worn)
 c - a +0 buckler (worn)
Jewellery
 h - a ring of protection from cold (right hand)
 j - a +6 ring of intelligence (left hand)
Wands
 l - a wand of iceblast (1)
Scrolls
 g - a scroll of teleportation
Potions
 i - a potion of degeneration


   Skills:
 + Level 4.6 Fighting
 + Level 5.4 Axes
 + Level 4.1 Armour
 + Level 1.3 Dodging
 + Level 0.5 Stealth
 + Level 3.3 Shields


You had 6 spell levels left.
You didn't know any spells.
Your spell library was empty.

Dungeon Overview and Level Annotations

Branches:
Dungeon (4/15)
 Temple: D:4-7

Altars:

Shops:
D:3 *


Innate Abilities, Weirdness & Mutations

You have large cloven feet.
You may rarely emit foul miasma when damaged in melee.
Spells you cast and wands you use may paralyse nearby enemies.


Message History

The wyvern is engulfed in dark miasma.
The wyvern is poisoned.
The wyvern barely misses you. The wight hits you but does no damage.
You barely miss the wyvern.
The wyvern is heavily wounded.
You closely miss the wight. You barely miss the wight.
The wyvern is engulfed in dark miasma.
The wyvern looks even sicker.
The wyvern bites you but does no damage.
The wyvern is engulfed in dark miasma.
The wyvern looks even sicker.
The wyvern misses you. You block the wight's attack.
The wight closely misses you.
You slash the wyvern!
You kill the wyvern!
You hit the wight. You slash the wight!
You destroy the wight!
You hit the wight but do no damage.
The wight hits you with a +2 morningstar.
The wight hits you with a +1 short sword.
You partially resist.
You feel drained.
You emit a cloud of foul miasma!
The wight hits you but does no damage.
The wight hits you with a +2 morningstar.
You partially resist.
You feel drained.
Your life force feels restored.
Your Armour skill increases to level 4!
You slash the wight!
The wight is almost destroyed.
You slash the wight! You completely miss the wight. You hit the wight.
The wight hits you with a +0 scimitar. You partially resist.
You feel drained.
* * * LOW HITPOINT WARNING * * *
The wight misses you.
The wight hits you with a +2 morningstar!
* * * LOW HITPOINT WARNING * * *
The wight hits you but does no damage. The wight barely misses you.
It was a potion of ambrosia.
You are confused.
You feel invigorated.
The wight hits you with a +1 short sword.
* * * LOW HITPOINT WARNING * * *
The wight barely misses you. The wight misses you.
The wight hits you with a +0 scimitar.
You die...

#........##...# #.#
#.##.######.#.# #.#
#.#.......#.#.###.#
##
#.#..####...#.....#
#..
#.#################
#...##.........
#.............#
#.............#
##....z@°.....#
#....zzz.....#
#............#
#............#
#..[.........#
#...........(+
#............#
#............#


You could see 4 wights.

Vanquished Creatures
  Grinder (D:3)
  The ghost of styxcanada the Covert, an amateur SpBr (D:3)
  A wyvern (D:4)
  A wight (D:4)
  An iguana (D:3)
  3 gnolls (D:2)
  4 adders
  2 worms (D:2)
  2 dart slugs (D:1)
  2 orcs (D:3)
  4 endoplasms
  6 goblins
  7 hobgoblins
  14 jackals
  5 kobolds
  5 ball pythons
  5 bats
  4 frilled lizards
  3 rats
71 creatures vanquished.

Vanquished Creatures (others)
  7 demonic plants (D:1)
  A fungus (D:1)
  5 withered plants (D:1)
13 creatures vanquished.

Grand Total: 84 creatures vanquished

Notes
Turn   | Place    | Note
-------+----------+-------------------------------------------
     0 | D:1      | lonewolfV2 the Demonspawn Fighter began the quest for the
                  | Orb.
     0 | D:1      | Reached XP level 1. HP: 18/18 MP: 1/1
    46 | D:1      | Gained mutation: Spells you cast may paralyse adjacent
                  | enemies. [demonic ancestry]
    46 | D:1      | Reached XP level 2. HP: 12/24 MP: 2/2
   194 | D:1      | Found a faded altar of an unknown god.
   287 | D:1      | Reached skill level 2 in Axes
  1017 | D:1      | Reached XP level 3. HP: 29/29 MP: 3/3
  1303 | D:2      | Identified 2 scrolls of acquirement
  1308 | D:2      | Acquired the +8 broad axe "Beetleslayer" {vorpal, Fly rN+
                  | Str+4}
  1312 | D:2      | Acquired 814 gold pieces
  1609 | D:2      | Gained mutation: Spells you cast may paralyse nearby
                  | enemies. [demonic ancestry]
  1609 | D:2      | Reached XP level 4. HP: 25/35 MP: 4/4
  1610 | D:2      | Reached skill level 3 in Axes
  2053 | D:2      | You are sucked into a shaft and drop 1 floor!
  2055 | D:3      | Noticed Grinder
  2064 | D:3      | Paralysed by Grinder for 4 turns
  2069 | D:3      | Killed Grinder
  2070 | D:3      | Reached skill level 4 in Axes
  2070 | D:3      | Gained mutation: You may rarely emit foul miasma when
                  | damaged in melee. [demonic ancestry]
  2070 | D:3      | Reached XP level 5. HP: 22/42 MP: 5/5
  2070 | D:3      | Gained mutation: You have large cloven feet. [demonic
                  | ancestry]
  2070 | D:3      | Reached XP level 6. HP: 26/48 MP: 6/6
  2491 | D:3      | Found Uceolacw's Assorted Antiques.
  2863 | D:3      | Found a runed translucent door.
  2865 | D:3      | Noticed styxcanada's ghost (amateur SpBr)
  3406 | D:3      | Killed styxcanada's ghost
  3407 | D:3      | Reached skill level 5 in Axes
  3407 | D:3      | Reached skill level 1 in Dodging
  3464 | D:4      | Found Xuskaiph's Jewellery Shop.
  3468 | D:4      | Gained mutation: Spells you cast and wands you use may
                  | paralyse nearby enemies. [demonic ancestry]
  3468 | D:4      | Reached XP level 7. HP: 55/55 MP: 7/7
  3529 | D:4      | Noticed a wyvern
  3535 | D:4      | Killed a wyvern
  3537 | D:4      | Slain by a wight

Illustrated notes

Levels and vault maps discovered:
D:1:      minmay_arrival_up_and_down, layout_rooms,
          shapermc_ecumenical_altar_gd, minmay_pentomino_t2
D:2:      layout_loops_ring, minmay_close_crescents
D:3:      layout_loops_ring, serial_shops, nicolae_shop_advertising_works
          [nicolae_subvault_shop_adworks], ebering_ghost_sewer_d,
          serial_aquarium, aquarium_bridge_square [aquarium_subvault_bridge,
          aquarium_subvault_bridge, aquarium_subvault_wall,
          aquarium_subvault_wall], aquarium_window_1, aquarium_window_2,
          aquarium_window_fake, aquarium_view_2c, aquarium_balcony_double_2,
          aquarium_pool_2, corexii_item_surrounded_by_moat, minivault_5,
          uniq_grinder
D:4:      layout_basic, serial_shops, nicolae_square_shop

Skill      XL: |  1  2  3  4  5  6  7 |
---------------+----------------------+-----
Axes           | 2 4 5 |  5.4
Armour         | 3 4 |  4.1
Shields        | 3 |  3.3
Fighting       | 4 |  4.6
Dodging        | 1 |  1.3
Stealth        | |  0.5

Action                   |  1- 3 |  4- 6 |  7- 9 || total
-------------------------+-------+-------+-------++-------
Melee: War axe           |    78 |       |       ||    78
       Broad axe         |     9 |    56 |     5 ||    70
       Kick              |       |     4 |     1 ||     5
  Use: Potion            |     1 |       |     1 ||     2
       Scroll            |     8 |     5 |       ||    13
Armor: Scale mail        |    58 |    17 |     5 ||    80
Dodge: Dodged            |    61 |    24 |    10 ||    95
Block: Buckler           |    42 |    14 |     1 ||    57
